 Dungeon Crawl Stone Soup version 0.31.0-32-g396128a36d (webtiles) character file.

Game seed: 15344497239129821851

243 Silvore the Cudgeller (level 5, -6/47 HPs)
             Began as a Minotaur Fighter on Mar 12, 2024.
             Mangled by Eustachio
             ... wielding a +0 rapier
              (8 damage)
             ... on level 5 of the Dungeon.
             The game lasted 00:04:51 (1774 turns).

Silvore the Cudgeller (Minotaur Fighter)            Turns: 1774, Time: 00:04:52

Health: -6/47      AC:  9    Str: 22    XL:     5   Next: 82%
Magic:  4/4        EV:  9    Int:  5    God:
Gold:   129        SH:  4    Dex: 10    Spells: 4/4 levels left

rFire   . . .        a - +1 flail (chaos)
rCold   . . .        c - +0 buckler
rNeg    . . .        b - +0 scale mail
rPois   .            (helmet restricted)
rElec   .            (no cloak)
rCorr   .            (no gloves)
SInv    .            h - +1 pair of boots
Will    .....        (no amulet) Stlth
                     (no ring)
HPRegen 0.27/turn    (no ring)
MPRegen 0.09/turn

%: no passive effects
@: mighty
A: horns 2, retaliatory headbutt
a: no special abilities


You were on level 5 of the Dungeon.
You visited 1 branch of the dungeon, and saw 5 of its levels.

You collected 129 gold pieces.

Inventory:

Hand Weapons
 a - a +1 flail of chaos (weapon)
Armour
 b - a +0 scale mail (worn)
 c - a +0 buckler (worn)
 h - a +1 pair of boots (worn)
Potions
 d - 2 potions of might
 f - a potion of curing {unknown}
 g - 3 potions of enlightenment
 i - 2 potions of degeneration {unknown}
 j - a potion of brilliance {unknown}
 l - a potion of magic {unknown}


   Skills:
 + Level 4.7 Fighting
 + Level 5.1 Maces & Flails
 + Level 4.6 Armour
 + Level 1.1 Dodging
 + Level 0.4 Stealth
 + Level 4.5 Shields


You had 4 spell levels left.
You didn't know any spells.
Your spell library contained the following spells:

 Spells                   Type           Power      Damage    Failure   Level
 Call Imp                 Summ           0%         N/A       94%         2
 Ensorcelled Hibernation  Hex/Ice        0%         N/A       94%         2
 Sublimation of Blood     Necr           0%         N/A       94%         2
 Call Canine Familiar     Summ           0%         N/A       99%         3
 Fugue of the Fallen      Necr           0%         N/A       99%         3
 Sigil of Binding         Hex            0%         N/A       99%         3
 Anguish                  Hex/Necr       0%         N/A       100%        4
 Dimensional Bullseye     Hex/Tloc       0%         N/A       100%        4
 Summon Hydra             Summ           0%         N/A       100%        7


Dungeon Overview and Level Annotations

Branches:
Dungeon (6/15)
 Temple: D:4-7

Altars:
Gozag

Annotations:
D:5 Eustachio


Innate Abilities, Weirdness & Mutations

You have a pair of horns on your head.
You reflexively headbutt those who attack you in melee.


Message History

The bat closely misses you. You furiously retaliate!
You headbutt the bat!
You kill the bat!
The bat's corpse disappears in a puff of smoke!
Eustachio hits you with a +0 rapier.
* * * LOW HITPOINT WARNING * * *
The river rat bites you but does no damage.
You thump Eustachio! You burn Eustachio.
Eustachio is severely wounded.
The bat closely misses you.
Eustachio gestures wildly while chanting.
Eustachio blinks!
The iron imp barely misses you. The river rat bites you.
* * * LOW HITPOINT WARNING * * *
Unknown command.
You feel very mighty all of a sudden. The bat barely misses you.
The bat hits you but does no damage.
The shadow imp hits you but does no damage.
The iron imp hits you.
* * * LOW HITPOINT WARNING * * *
The river rat barely misses you.
You barely miss the shadow imp. You headbutt the shadow imp!
You kill the shadow imp!
The shadow imp disappears in a puff of smoke!
The bat barely misses you. You furiously retaliate!
You headbutt the bat.
You kill the bat!
The bat's corpse disappears in a puff of smoke!
The iron imp closely misses you. The river rat bites you.
* * * LOW HITPOINT WARNING * * *
Eustachio mumbles some strange words.
The river rat closely misses you.
The iron imp hits you but does no damage.
You barely miss Eustachio.
Eustachio is severely wounded.
Eustachio's magic is no longer disrupted.
The river rat bites you.
* * * LOW HITPOINT WARNING * * *
The quokka bites you but does no damage.
The iron imp closely misses you. You furiously retaliate!
You headbutt the iron imp! Eustachio hits you with a +0 rapier!
You die...
Eustachio twirls his moustache.

#####>#####.##..#
##.#.# #.# #.†...#
#....##### #.#
####..###.#......#
#.# #.............#
#.. ##...#.#.......
##. ###...#......#
. ##.........#
#########.#..######
#....@@...#.....
#...rr5r....###.#
...........#### #
......<....#
.....>.......
..........####
..........#
..........#
...........


You could see Eustachio, an iron imp (summoned), a river rat (summoned), a
quokka (summoned) and a rat (summoned).

Vanquished Creatures
  A kobold brigand (D:6)
  3 gnolls (D:2)
  6 adders
  A shadow imp (D:6)
  A white imp (D:5)
  A dart slug (D:1)
  2 ribbon worms
  4 ball pythons
  5 bats
  6 endoplasms
  4 giant cockroaches
  6 goblins
  7 hobgoblins
  2 jackals (D:2)
  8 kobolds
  2 quokkas (D:1)
  4 frilled lizards
  4 rats
67 creatures vanquished.

Vanquished Creatures (collateral kills)
  A bat (D:2)
1 creature vanquished.

Vanquished Creatures (others)
  A kobold zombie (D:6)
1 creature vanquished.

Grand Total: 69 creatures vanquished

Notes
Turn   | Place    | Note
-------+----------+-------------------------------------------
     0 | D:1      | Silvore the Minotaur Fighter began the quest for the Orb.
     0 | D:1      | Reached XP level 1. HP: 19/19 MP: 0/0
   156 | D:1      | Reached XP level 2. HP: 27/27 MP: 1/1
   637 | D:2      | Reached XP level 3. HP: 33/33 MP: 2/2
   752 | D:2      | Reached skill level 3 in Maces & Flails
   924 | D:2      | Reached XP level 4. HP: 35/40 MP: 3/3
   969 | D:2      | Found a faded altar of an unknown god.
  1013 | D:2      | Found an opulent altar of Gozag.
  1147 | D:2      | Reached skill level 4 in Maces & Flails
  1532 | D:3      | Reached XP level 5. HP: 43/47 MP: 4/4
  1587 | D:3      | You fall into a shaft and drop 3 floors!
  1609 | D:6      | Reached skill level 1 in Dodging
  1610 | D:6      | Reached skill level 5 in Maces & Flails
  1711 | D:5      | Entered Level 5 of the Dungeon
  1750 | D:5      | Noticed Eustachio
  1774 | D:5      | HP: 2/47 [river rat[Eustachio] (4)]
  1774 | D:5      | Mangled by Eustachio

Illustrated notes

Levels and vault maps discovered:
D:1:      lightli_arrival_quake, layout_rooms, hangedman_decor_growths
D:2:      layout_loops_ring, basic_ecumenical_altar, basic_altar,
          dreamdust_mushroom_princess, kennysheep_nondescript,
          nicolae_half_adder
D:3:      layout_rooms, grunt_temple_overflow_open, minmay_misc_feat_chi
D:5:      layout_rooms, makhleb_blood_cavern_becter,
          minmay_temple_entry_statues_fountains, enter_ossuary_4, serial_shops,
          nicolae_shop_advertising_works [nicolae_subvault_shop_adworks],
          uniq_eustachio
D:6:      layout_gridville, nicolae_qazlal_style_of_elements,
          nicolae_dithmenos_the_darkroom, grunt_decor_mini_mirrors,
          minmay_misc_feat_rugged

Skill      XL: |  1  2  3  4  5 |
---------------+----------------+-----
Fighting       | 4 |  4.7
Shields        | 4 |  4.5
Armour         | 4 |  4.6
Maces & Flails | 3 4 5 |  5.1
Dodging        | 1 |  1.1
Stealth        | |  0.4

Action                     |  1- 3 |  4- 6 || total
---------------------------+-------+-------++-------
  Melee: Flail             |    74 |    60 ||   134
         Headbutt          |     7 |     6 ||    13
    Use: Scroll            |     2 |     5 ||     7
         Potion            |       |     1 ||     1
   Stab: Confused          |     1 |       ||     1
 Armour: Scale mail        |    71 |    72 ||   143
  Dodge: Dodged            |    43 |    55 ||    98
  Block: Buckler           |    28 |    16 ||    44
